 Dungeon Crawl Stone Soup version 0.23-a0-407-g92528d7 (webtiles) character file.

165 RoseArtemis the Vexing (level 5, 0/24 HPs)
             Began as a Spriggan Enchanter on Nov 7, 2018.
             Was an Initiate of Sif Muna.
             Slain by an orc
             ... wielding a +0 dagger
              (2 damage)
             ... on level 4 of the Dungeon.
             The game lasted 00:08:37 (4404 turns).

RoseArtemis the Vexing (Spriggan Enchanter)         Turns: 4404, Time: 00:08:37

Health: 0/24       AC:  2    Str:  4    XL:     5   Next: 22%
Magic:  1/11       EV: 18    Int: 17    God:    Sif Muna [......]
Gold:   146        SH:  0    Dex: 17    Spells: 8/11 levels left

rFire    . . .     SeeInvis +   a - +1 dagger
rCold    . . .     Gourm    .   (shield restricted)
rNeg     . . .     Faith    .   b - +0 robe
rPois    .         Spirit   .   (helmet restricted)
rElec    .         Reflect  .   (no cloak)
rCorr    .         Harm     .   (gloves unavailable)
MR       .....                  (boots unavailable)
Stlth    +++.......             (no amulet)
HPRegen  0.08/turn              (no ring)
MPRegen  0.12/turn              (no ring)

@: very slightly contaminated, very quick
A: very small, unfitting armour, see invisible, herbivore, speed 3, slow
metabolism 2
a: Renounce Religion


You were on level 4 of the Dungeon.
You worshipped Sif Muna.
Sif Muna was noncommittal.
You were not hungry.

You visited 1 branch of the dungeon, and saw 4 of its levels.

You collected 146 gold pieces.

Inventory:

Hand Weapons
 a - a +1 dagger (weapon)
 f - a +0 hunting sling
Missiles
 e - 22 sling bullets
Armour
 b - a +0 robe (worn)
Jewellery
 h - an uncursed amulet of the gourmand {unknown}
 l - a cursed ring of attention {unknown}
 o - a +3 ring of dexterity {unknown}
Scrolls
 m - a scroll of amnesia {unknown}
 q - a scroll of teleportation {unknown}
Potions
 c - 2 potions of curing {unknown}
 g - a potion of ambrosia {unknown}
 i - 3 potions of degeneration
 j - 2 potions of heal wounds {unknown}
 k - a potion of haste {unknown}
 n - a potion of magic {unknown}
 p - a potion of brilliance {unknown}
Comestibles
 d - 2 rations


   Skills:
 + Level 2.7 Short Blades
 - Level 3.0 Dodging
 - Level 5.0 Stealth
 + Level 3.8 Spellcasting
 * Level 5.3 Hexes
 + Level 1.1 Ice Magic


You had 8 spell levels left.
You knew the following spells:

 Your Spells              Type           Power        Failure   Level  Hunger
a - Corona                Hex            ###....      1%          1    None
b - Ensorcelled Hibernat  Hex/Ice        ##....       7%          2    ##.....

Your spell library contained the following spells:

 Spells                   Type           Power        Failure   Level  Hunger
 Confuse                  Hex            ###.....     5%          3    ###....
 Tukima's Dance           Hex            ###.....     5%          3    ###....
 Dazzling Spray           Conj/Hex       ##....       16%         3    ###....


Dungeon Overview and Level Annotations

Branches:
Dungeon (4/15)
 Temple: D:4-7

Altars:
Fedhas
Sif Muna


Innate Abilities, Weirdness & Mutations

You are very small and have problems with some larger weapons.
You are too small for most types of armour.
You have supernaturally acute eyesight. (SInv)
You are a herbivore.
You cover ground extremely quickly.
You need to consume almost no food.


Message History

You miscast Ensorcelled Hibernation.
You are very lightly contaminated with residual magic.
Nothing appears to happen.
The orc shouts!
Aim: a slave, wearing a +0 animal skin (chance to defeat MR: 45%)
The slave resists with some effort.
The slave completely misses you.
The orc wizard hits you with a +0 dagger.
Aim: a slave, wearing a +0 animal skin (chance to defeat MR: 45%)
The slave resists with some effort.
The slave hits you!
* * * LOW HITPOINT WARNING * * *
The orc misses you. The orc wizard completely misses you.
Aim: a slave, wearing a +0 animal skin (chance to defeat MR: 45%)
You miscast Ensorcelled Hibernation.
Your hands feel numb with cold.
The slave misses you. The orc hits you with a +0 dagger.
* * * LOW HITPOINT WARNING * * *
The orc wizard hits you but does no damage.
Aim: a slave, wearing a +0 animal skin (chance to defeat MR: 45%)
The slave resists with some effort.
The slave hits you but does no damage. The orc hits you with a +0 dagger.
You die...

.....o..........g#......
............###..p.....#
....##......# #.........
....#.......###.......##
#...#................#
#...#o.##............#
####lrZ##..........#..
##opo##..........#..
#..@..#...####.....
###.###.... .r... #.#
#..... #.... ### ##..##
.. ##.#


You could see a slave, an orc wizard, 2 orcs, a leopard gecko, a quokka and a
centaur skeleton.

Vanquished Creatures
  2 worker ants
  4 adders
  An ooze (D:2)
  4 worms
  5 dart slugs (D:1)
  5 bats
  3 giant cockroaches
  6 goblins
  5 hobgoblins
  2 jackals (D:3)
  2 quokkas
  2 ball pythons (D:2)
  2 frilled lizards
  9 kobolds
  11 rats
63 creatures vanquished.

Notes
Turn   | Place    | Note
-------+----------+-------------------------------------------
     0 | D:1      | RoseArtemis the Spriggan Enchanter began the quest for the
                  | Orb.
     0 | D:1      | Reached XP level 1. HP: 9/9 MP: 5/5
   320 | D:1      | Reached XP level 2. HP: 3/13 MP: 6/6
   326 | D:1      | Learned a level 2 spell: Ensorcelled Hibernation
  1213 | D:1      | Reached XP level 3. HP: 4/16 MP: 5/8
  1594 | D:2      | Found a deep blue altar of Sif Muna.
  1869 | D:2      | Reached skill level 5 in Stealth
  2081 | D:2      | Reached XP level 4. HP: 16/21 MP: 0/10
  3273 | D:2      | Became a worshipper of Sif Muna the Loreminder
  3718 | D:4      | Noticed a centaur
  3719 | D:4      | Found a blossoming altar of Fedhas.
  3729 | D:3      | Reached skill level 5 in Hexes
  4078 | D:3      | Reached skill level 1 in Ice Magic
  4078 | D:3      | Reached XP level 5. HP: 6/24 MP: 2/11
  4364 | D:4      | Noticed a slave
  4404 | D:4      | Slain by an orc

Vault maps used:
D:1:      ebering_trefoil_twist
D:2:      nicolae_overflow_hidden_temple, dk_noncrumbling_3
D:3:      serial_bayou_ford_a
D:4:      minmay_diamond_boxcup, nicolae_overflow_crystal_walls, first_ration,
          fedhas_bush_and_centaur_altar, uniq_pikel

Skill      XL: |  1  2  3  4 |
---------------+-------------+-----
Hexes          | 4 5 |  5.3
Spellcasting   | 3 |  3.8
Short Blades   | 2 |  2.7
Stealth        | 5 |  5.0
Ice Magic      | 1 |  1.1
Dodging        | |  3.0

Action                   |  1- 3 |  4- 6 || total
-------------------------+-------+-------++-------
Melee: Dagger            |   104 |    44 ||   148
 Cast: Corona            |     7 |       ||     7
       Ensorcelled Hiber |    21 |    37 ||    58
  Use: Scroll            |       |     3 ||     3
 Stab: Sleeping          |    22 |    28 ||    50
  Eat: Ration            |       |     2 ||     2
Armor: Robe              |    10 |     3 ||    13
Dodge: Dodged            |    77 |    52 ||   129

Table legend:
 A = Non-vault XP
 B = Vault XP
 C = Vault XP percentage of total XP
 D = Non-vault monster count
 E = Vault monster count
 F = Vault count percentage of total count
                 A         B        C        D         E       F
            +---------+---------+-------+---------+---------+-------
      Total |     237 |       0 |   0.0 |      63 |       0 |   0.0
            +---------+---------+-------+---------+---------+-------
        D:1 |      44 |       0 |   0.0 |      20 |       0 |   0.0
        D:2 |      72 |       0 |   0.0 |      23 |       0 |   0.0
        D:3 |      89 |       0 |   0.0 |      19 |       0 |   0.0
        D:4 |      32 |       0 |   0.0 |       1 |       0 |   0.0
            +---------+---------+-------+---------+---------+-------
